 Dungeon Crawl Stone Soup version 0.30-a0-702-gdf48620a09 (webtiles) character file.

Game seed: 3354593432788984908

190 Leeroy the Slasher (level 5, -3/30 HPs)
             Began as a Tengu Warper on Jan 21, 2023.
             Slain by a gnoll
             ... wielding a +0 club
             ... led by a gnoll bouda
              (4 damage)
             ... on level 4 of the Dungeon.
             The game lasted 00:03:48 (2571 turns).

Leeroy the Slasher (Tengu Warper)                   Turns: 2571, Time: 00:03:49

Health: -3/30      AC:  3    Str: 11    XL:     5   Next: 69%
Magic:  18/18      EV: 14    Int: 14    God:
Gold:   232        SH:  0    Dex: 15    Spells: 3/8 levels left

rFire   x . .      SeeInvis .    a - +0 falchion
rCold   + . .      Faith    .    (no shield)
rNeg    . . .      Spirit   .    b - +0 leather armour
rPois   .          Reflect  .    (helmet restricted)
rElec   .          Harm     .    (no cloak)
rCorr   .          Rampage  .    (no gloves)
Will    .....                    (boots unavailable)
Stlth   +                        (no amulet)
HPRegen 0.25/turn                e - ring of ice
MPRegen 0.16/turn                l - ring of magical power

@: lethally poisoned (-3 -> -8), weakened, flying quickly and evasively, quick
A: beak, talons 3, nimble flight
a: no special abilities


You were on level 4 of the Dungeon.
You visited 1 branch of the dungeon, and saw 4 of its levels.

You collected 232 gold pieces.

Inventory:

Hand Weapons
 a - a +0 falchion (weapon)
 p - a +0 dagger of draining
 q - a +0 dagger of venom
 t - a +0 dagger of protection
Missiles
 d - 7 boomerangs of dispersal (quivered)
 k - 9 poisoned darts
Armour
 b - a +0 leather armour (worn)
Jewellery
 e - a ring of ice (left hand)
 l - a ring of magical power (right hand)
Scrolls
 c - 2 scrolls of blinking
 f - 2 scrolls of noise {unknown}
 g - 2 scrolls of identify {unknown}
 h - a scroll of poison {unknown}
 n - a scroll of enchant weapon {unknown}
 s - a scroll of amnesia {unknown}
Potions
 i - a potion of cancellation {unknown}
 j - 2 potions of lignification {unknown}
 m - 2 potions of berserk rage {unknown}
 o - a potion of heal wounds {unknown}
 r - 2 potions of curing {unknown}
 u - a potion of attraction {unknown}


   Skills:
 - Level 2.0 Fighting
 + Level 6.3 Long Blades
 - Level 1.0 Throwing
 - Level 1.1 Armour
 - Level 2.1 Dodging
 - Level 2.0 Spellcasting
 - Level 2.4 Translocations


You had 3 spell levels left.
You knew the following spells:

 Your Spells              Type           Power      Damage    Failure   Level
a - Blink                 Tloc           16%        N/A       19%         2
b - Vhi's Electric Charg  Tloc/Air       8%         N/A       50%         3

Your spell library contained the following spells:

 Spells                   Type           Power      Damage    Failure   Level
 Lesser Beckoning         Tloc           16%        N/A       19%         2
 Teleport Other           Tloc           8%         N/A       34%         3
 Manifold Assault         Tloc           8%         N/A       75%         4
 Olgreb's Toxic Radiance  Pois           1%         N/A       97%         4
 Ozocubu's Refrigeration  Ice            1%         4d7       100%        7
 Ignition                 Fire           0%         3d3       100%        8


Dungeon Overview and Level Annotations

Branches:
Dungeon (4/15)
 Temple: D:4-7

Altars:
Fedhas
Hepliaklqana
Nemelex Xobeh

Annotations:
D:4 1 runed translucent door, pokeman's ghost, amateur DEHW


Innate Abilities, Weirdness & Mutations

You have a beak for a mouth.
You have claws for feet.
Your magical nature lets you fly swiftly and evasively.


Message History

Pokeman's ghost turns its malevolent gaze towards you.
Pokeman's ghost says, "I am smarter than you!"
j - 2 bubbling sapphire potions (gained 1)
A gnoll comes into view. It is wielding a +0 club.
The gnoll shouts!
A gnoll comes into view. It is wielding a +0 flail.
A gnoll comes into view. It is wielding a +0 club.
A gnoll bouda and a gnoll come into view.
The gnoll is wielding a +2 halberd of venom.
The gnoll bouda shouts!
The gnoll shouts! x2
A gnoll comes into view. It is wielding a +1 heavy spear.
The gnoll shouts!
The gnoll bouda gazes fiercely through you!
You feel your attacks grow feeble.
You barely miss the gnoll. You claw the gnoll.
The gnoll is lightly wounded.
The gnoll hits you with a +0 club.
You hit the gnoll but do no damage. You claw the gnoll.
The gnoll is lightly wounded.
The gnoll barely misses you.
You hit the gnoll but do no damage. You claw the gnoll.
The gnoll is lightly wounded.
The gnoll misses you. The gnoll hits you with a +0 club.
The gnoll bouda barks out a call to the hunt!
The gnolls pick up the pace!
You hit the gnoll.
The gnoll is heavily wounded.
The gnoll hits you with a +0 club. The gnoll misses you.
The gnoll hits you from afar with a +2 halberd of venom!
* * * LOW HITPOINT WARNING * * *
You are lethally poisoned!
The gnoll closely misses you. The gnoll hits you with a +0 club.
* * * LOW HITPOINT WARNING * * *
The gnoll bouda gazes fiercely through you!
You feel as though you will be weak longer.
* * * LOW HITPOINT WARNING * * *
You feel very sick.
* * * LOW HITPOINT WARNING * * *
You feel sick. The gnoll hits you with a +0 club.
You die...

##.......##
#.........#
+.........+
#.........# #.......#
#..gg.# ##...g#
##...gg#######
........@.....#
....###...###.#
...##⌠##...##.#
..##..W##.....####.
..##..?..##.........#
..+...♣..⌠#..#.######
..##..!..##..#.#
...##...##.....#
....##⌠##...####


You could see a gnoll bouda, pokeman's ghost and 4 gnolls.

Vanquished Creatures
  A necrophage (D:4)
  An iguana (D:3)
  4 adders
  3 dart slugs (D:1)
  2 orcs (D:3)
  3 bats
  2 endoplasms
  6 goblins
  8 hobgoblins
  9 kobolds
  3 quokkas
  5 ball pythons
  13 rats
  A spectral goblin (D:3)
61 creatures vanquished.

Notes
Turn   | Place    | Note
-------+----------+-------------------------------------------
     0 | D:1      | Leeroy the Tengu Warper began the quest for the Orb.
     0 | D:1      | Reached XP level 1. HP: 12/12 MP: 4/4
   192 | D:1      | Reached skill level 3 in Long Blades
   192 | D:1      | Reached XP level 2. HP: 12/17 MP: 6/6
   531 | D:1      | Reached XP level 3. HP: 21/21 MP: 7/7
   979 | D:1      | Learned a level 2 spell: Blink
   983 | D:1      | Learned a level 3 spell: Vhi's Electric Charge
  1008 | D:2      | Found a blossoming altar of Fedhas.
  1041 | D:2      | Reached skill level 4 in Long Blades
  1254 | D:2      | Reached XP level 4. HP: 21/26 MP: 8/8
  1589 | D:3      | Found a faded altar of an unknown god.
  1670 | D:3      | Reached skill level 5 in Long Blades
  1671 | D:3      | Found a sparkling altar of Nemelex Xobeh.
  1810 | D:3      | Found a blossoming altar of Fedhas.
  2322 | D:3      | Found a hazy altar of Hepliaklqana.
  2347 | D:3      | Gained mutation: Your magical nature lets you fly swiftly
                  | and evasively. [Tengu growth]
  2347 | D:3      | Reached XP level 5. HP: 29/30 MP: 9/9
  2526 | D:4      | Reached skill level 6 in Long Blades
  2543 | D:4      | Found a runed translucent door.
  2543 | D:4      | Noticed pokeman's ghost (amateur DEHW)
  2571 | D:4      | HP: 1/30 [poisoned by a gnoll]
  2571 | D:4      | Slain by a gnoll

Illustrated notes

Levels and vault maps discovered:
D:1:      dpeg_arrival_stone_temple_mockup, layout_basic, minmay_heptomino_d4
D:2:      layout_loops_ring, basic_altar
D:3:      layout_basic, nicolae_hepliaklqana_monster_ancestors,
          nemelex_dance_club_becter, mainiacjoe_overflow_surrounded_room,
          shapermc_ecumenical_altar_starsandcircs
D:4:      layout_loops_corners, hellmonk_ghost_happy_afterlife

Skill      XL: |  1  2  3  4  5 |
---------------+----------------+-----
Long Blades    | 3 4 5 6 |  6.3
Fighting       | |  2.0
Throwing       | |  1.0
Armour         | |  1.1
Dodging        | |  2.1
Spellcasting   | |  2.0
Translocations | |  2.4

Action                   |  1- 3 |  4- 6 || total
-------------------------+-------+-------++-------
Melee: Falchion          |    75 |    63 ||   138
       Kick              |    15 |    20 ||    35
       Peck              |     7 |     7 ||    14
       Dagger            |       |     6 ||     6
 Cast: Blink             |       |     4 ||     4
 Stab: Sleeping          |     1 |     2 ||     3
Armor: Leather armour    |    22 |    27 ||    49
Dodge: Dodged            |    57 |    80 ||   137

Table legend: (Time is in decaauts)
 A = Elapsed time spent in this place.
 B = Non-inter-level travel time spent in this place.
 C = Inter-level travel time spent in this place.
 D = Time resting spent in this place.
 E = Time spent auto-exploring this place.
 F = Levels seen in this place.
 G = Mean time per level.
                   A        B        C        D        E       F      G
               +--------+--------+--------+--------+--------+-----+--------+
         Total |   2560 |   2486 |     74 |     60 |   1949 |   4 |  640.0 |
       Dungeon |   2560 |   2486 |     74 |     60 |   1949 |   4 |  640.0 |
               +--------+--------+--------+--------+--------+-----+--------+

Top non-repeatable levels by time:
     D:1: 990 daAuts
     D:3: 868 daAuts
     D:2: 593 daAuts
     D:4: 107 daAuts
